[Event "85th Tata Steel Masters 2023"]
[Site "Wijk aan Zee"]
[Date "2023.01.16"]
[Round "3.5"]
[White "Erigaisi Arjun"]
[Black "Aronian, Levon"]
[Result "1/2-1/2"]
[ECO "E39"]
[WhiteElo "2722"]
[BlackElo "2735"]
[Annotator "TA"]
[PlyCount "122"]
[EventDate "2023.01.10"]
[EventType "tourn"]
[EventCountry "NED"]
[SourceTitle "playchess.com"]
[Source "ChessBase"]
[SourceQuality "1"]
[TimeControl "40/6000+30:30/3000+30:900+30"]

1. d4 Nf6 2. c4 e6 3. Nc3 Bb4 4. Qc2 c5 5. dxc5 O-O 6. a3 Bxc5 7. Nf3 d5 8. Bf4 {[%emt 0:00:30] E39: Nimzo-Indian: Classical: 4...c5 5 dxc5 0-0.} dxc4 9. e3 a6 10. Bxc4 {[%emt 0:01:54] White has an edge.} b5 11. Be2 Nbd7 12. O-O Bb7 {[%emt 0:01:42] Wards off Ne4} 13. Rfd1 {[%emt 0:12:41] [#]} Rc8 $146 ({Predecessor:} 13... Qb6 14. Ng5 h6 15. Nge4 Be7 16. Nd6 e5 17. Nf5 Qe6 18. Nxe7+ Qxe7 19. Bg3 Nc5 {1-0 Hochgraefe,M (2352)-Schmidt,H (2358) Oberliga Nord N 1516 2015 (9.1)}) 14. Rd2 Qb6 15. Rad1 Rfd8 16. Qb1 h6 17. Bg3 Be7 18. Ne5 Nc5 (18... Nxe5 {simplifies} 19. Rxd8+ Rxd8 20. Bxe5 Rc8) 19. Bf3 Rxd2 20. Rxd2 Nce4 21. Nxe4 Bxe4 22. Bxe4 Nxe4 23. Rd1 Nxg3 24. hxg3 Qc7 25. Nd3 Qc2 26. Rc1 Qxb1 27. Rxb1 $15 {[%emt 0:00:03][%mdl 4096] Endgame KRB-KRN} Rd8 28. Rd1 e5 29. f3 f5 30. Kf1 e4 31. fxe4 fxe4 32. Nf2 Rxd1+ 33. Nxd1 {[%emt 0:00:06] KB-KN} Kf7 34. Nf2 Bf6 35. b3 Be7 36. a4 bxa4 37. bxa4 Ke6 $1 {[%emt 0:00:03] [#] ...Kd5 is the strong threat.} 38. Nxe4 Kd5 $1 39. Nd2 Kc5 $1 40. Ke2 Kb4 41. Kd3 $1 Kxa4 42. Kc4 $1 Bg5 $1 43. Nf1 Ka5 44. e4 Kb6 45. Nh2 $1 h5 46. Nf3 Be7 47. e5 Kc6 48. Nd4+ Kd7 49. e6+ Kc7 50. Kd5 a5 {[%emt 0:00:00] aiming for ...a4.} 51. Nb5+ (51. g4 $11) 51... Kd8 $17 52. Nc3 Bb4 53. Na4 Ke7 {[%emt 0:00:00] Strongly threatening ...Kf6.} 54. Nb6 Kf6 ({Black should try} 54... Be1 $17 55. Nc8+ Kf8) 55. g4 hxg4 $19 56. Nd7+ {[%emt 0:00:05] [#]} Ke7 (56... Kg5 $1 $19 {has better winning chances. White must now prevent ...Be7.} 57. Nc5 Kg6) 57. Nb6 $17 Be1 58. Ke5 Bg3+ 59. Kd5 Bh4 60. Ke5 Kd8 ({Better is} 60... Bf6+ $17 61. Kd5 Bh4 62. Nc8+ Kf8) 61. Nd5 $11 a4 {[%emt 0:05:37] Weighted Error Value: White=0.10 (very precise) /Black=0.09 (flawless)} 1/2-1/2

[Event "85th Tata Steel Masters 2023"]
[Site "Wijk aan Zee"]
[Date "2023.01.16"]
[Round "3.6"]
[White "Rapport, Richard"]
[Black "So, Wesley"]
[Result "1/2-1/2"]
[ECO "B14"]
[WhiteElo "2740"]
[BlackElo "2760"]
[Annotator "TA"]
[PlyCount "50"]
[EventDate "2023.01.10"]
[EventType "tourn"]
[EventCountry "NED"]
[SourceTitle "playchess.com"]
[Source "ChessBase"]
[SourceQuality "1"]
[TimeControl "40/6000+30:30/3000+30:900+30"]

1. c4 c5 2. Nc3 g6 3. e3 Nf6 4. d4 cxd4 5. exd4 d5 6. Qb3 Bg7 7. cxd5 O-O 8. Be2 Na6 9. Bf3 Qb6 {[%emt 0:02:54] The position is equal.} 10. Nge2 {[%emt 0:01:59] B14: Caro-Kann: Panov-Botvinnik Attack with 5...e6 and 5...g6.} Qxb3 11. axb3 Rd8 12. Ra5 Bg4 13. Bxg4 Nxg4 14. O-O Nf6 {[%emt 0:08:08] [#]} 15. Bf4 $146 ({Predecessor:} 15. Bg5 Nc7 16. Bxf6 Bxf6 17. Rc5 Rd7 18. Ra1 b6 19. Rc6 Nxd5 20. Nxd5 Rxd5 21. Rxb6 axb6 22. Rxa8+ {½-½ Belous,V (2524)-Mishra,A (2357) Charlotte CCCSA Winter GM 2021 (1)}) 15... Nb4 {[%emt 0:04:00][%cal Rf6d5] [#]} 16. d6 $1 e6 (16... a6 17. dxe7) 17. Rb5 Nbd5 18. Be5 b6 19. Nxd5 Nxd5 20. Nc3 $36 {[%emt 0:00:09][%mdl 2048] White has the initiative.} Nf6 21. Ra1 Nd7 22. Ra6 Nb8 23. Ra4 {[%emt 0:00:05] Bxg7 would be deadly.} Nd7 24. Ra6 Nb8 25. Ra4 {[%emt 0:00:08] And now Bxg7 would win.} Nd7 {[%emt 0:00:05] A rather calm draw.   Weighted Error Value: White=0.02 (flawless) /Black=0.01 (flawless)} 1/2-1/2

[Event "85th Tata Steel Masters 2023"]
[Site "Wijk aan Zee"]
[Date "2023.01.16"]
[Round "3.7"]
[White "Praggnanandhaa R"]
[Black "Keymer, Vincent"]
[Result "1/2-1/2"]
[ECO "E32"]
[WhiteElo "2684"]
[BlackElo "2696"]
[Annotator "TA"]
[PlyCount "156"]
[EventDate "2023.01.10"]
[EventType "tourn"]
[EventCountry "NED"]
[SourceTitle "playchess.com"]
[Source "ChessBase"]
[SourceQuality "1"]
[TimeControl "40/6000+30:30/3000+30:900+30"]

1. d4 Nf6 2. c4 e6 3. Nc3 Bb4 4. Qc2 O-O 5. a3 Bxc3+ 6. Qxc3 d6 7. f3 b6 8. e4 Bb7 9. Ne2 c5 10. d5 exd5 11. exd5 Re8 12. a4 Nbd7 13. Kf2 $1 Ne5 14. Ng3 $1 a6 15. Be2 b5 16. b3 bxc4 17. bxc4 a5 18. Re1 Ba6 19. Rb1 ({White should try} 19. Bd2 $16) 19... Nfd7 20. Bd2 (20. Kg1 $14) 20... Qh4 (20... Nb6 $11) 21. Rec1 $1 $14 Rab8 (21... Qxh2 $2 22. Rh1 $18 (22. Qxa5 $2 Bxc4 $19) (22. Qxa5 $2 Bxc4 $19 {[%mdl 64] Discovered Attack})) 22. Rxb8 Rxb8 23. Kg1 ({Weaker is} 23. Qxa5 Bxc4 24. Bxc4 Nxc4 $17) 23... Qd4+ 24. Qxd4 cxd4 25. f4 d3 26. fxe5 dxe2 27. exd6 Rc8 28. Nxe2 Rxc4 29. Rxc4 Bxc4 30. Nd4 Kf8 31. Bxa5 Ke8 32. Bd2 Nc5 33. a5 Bxd5 34. Bb4 Na6 35. Ba3 Kd7 36. Kf2 Nb8 37. Nf5 g6 38. Ne7 Bb7 39. g3 Nc6 40. Nd5 Nxa5 41. Nf6+ Kd8 42. Nxh7 Nc4 43. Bb4 Ne5 44. Ke3 Kd7 45. Ng5 Ba8 46. h4 Nc4+ (46... Bh1 $11 {should be considered.}) 47. Kd4 (47. Kf4 $5 Nb6 48. Bc5 (48. Nxf7 Nd5+ 49. Kg5 Nxb4 $11) 48... Nd5+ 49. Ke4 $16) 47... Nxd6 48. Bxd6 (48. Ke5 $5 Nf5 49. Be1 $11 (49. Nxf7 Nxg3 50. Nh8 Nf5 $11)) 48... Kxd6 49. Nxf7+ Ke6 50. Nh6 Bb7 51. Ke3 Ke5 $1 52. Ng4+ Kf5 53. Nh2 (53. Nf2 $5 ) 53... Bc8 (53... g5 $1 $11) 54. g4+ $1 $14 Kf6 55. Kf3 ({Better is} 55. Kf4 $1 $14) 55... g5 $11 56. h5 Kg7 57. Kg3 Kh6 58. Nf3 Be6 59. Nd4 Bd7 60. Kf3 Bc8 61. Nb5 (61. Nc2 $5) 61... Bb7+ 62. Kf2 Bc8 63. Kg3 Bd7 64. Nd6 Be6 65. Kf3 Bd5+ 66. Kf2 Be6 67. Kg3 Kg7 68. Nf5+ Kf6 69. Nd4 $1 Bc8 70. Nf3 Be6 71. Nd4 Bc8 72. Nc2 Be6 73. Kf3 Bd5+ 74. Kf2 $1 Be6 75. Kg3 Kf7 76. Ne3 Kg7 77. Kf3 Kh6 78. Ke4 Bxg4 1/2-1/2

[Event "85th Tata Steel Masters 2023"]
[Site "Wijk aan Zee"]
[Date "2023.01.20"]
[Round "6.1"]
[White "So, Wesley"]
[Black "Keymer, Vincent"]
[Result "1-0"]
[ECO "C88"]
[WhiteElo "2760"]
[BlackElo "2696"]
[Annotator "TA"]
[PlyCount "101"]
[EventDate "2023.01.10"]
[EventType "tourn"]
[EventCountry "NED"]
[SourceTitle "playchess.com"]
[Source "ChessBase"]
[SourceQuality "1"]
[TimeControl "40/6000+30:30/3000+30:900+30"]

1. e4 e5 2. Nf3 Nc6 3. Bb5 a6 4. Ba4 Nf6 5. O-O Be7 6. Re1 b5 7. Bb3 O-O 8. a4 b4 9. a5 {[%emt 0:01:37] 9.d4 gains popularity.} Rb8 {[%emt 0:00:51] C88: Closed Ruy Lopez: Anti-Marshall Systems.} 10. d4 Nxd4 11. Nxd4 exd4 {[%emt 0:00:05] White has an edge.} 12. e5 Ne8 13. Qxd4 {[%emt 0:00:05] [#]} Rb5 $146 ({Predecessor:} 13... d6 14. Nd2 c5 15. Qd3 Bb7 16. exd6 Nxd6 17. Nc4 Nxc4 18. Qxc4 Qd7 19. Ba4 Qc7 {½-½ Martynov,A (2375)-Pecka,J (2436) Sanchez Memorial A2 email 5th 2018}) 14. Bc4 c5 15. Qd3 Rxa5 16. Rxa5 Qxa5 17. Nd2 Qc7 18. Nf3 {[%emt 0:08:37][%mdl 1024] White has compensation.} (18. b3 {simplifies} Bb7 19. Bxa6 Bxa6 20. Qxa6 d5 21. exd6 Nxd6 22. Nf3) 18... h6 {[%emt 0:00:51] Repels Ng5} 19. Bf4 Qc6 20. Bd5 Qb5 21. Qf5 {[%emt 0:05:33][%cal Of4h6] And now Bxh6! would win.} Bb7 22. Bxb7 Qxb7 23. Rd1 {[%emt 0:00:07] Prevents Qd5.} Nc7 24. Rxd7 (24. Qxd7 $2 Rd8 25. Qxd8+ Bxd8 26. Rxd8+ Kh7 $19) 24... Rd8 25. h4 $36 {[%emt 0:07:30][%mdl 2048] White is on the roll. White has more active pieces.} (25. Rxe7 $2 {leads to mate.} Rd1+) ({And not} 25. e6 Nxe6 26. Rd2 Nxf4 27. Qxf4 Rxd2 28. Nxd2 Qd5 $17) 25... g6 26. Qd3 Qc8 27. Rxd8+ Qxd8 28. Qxd8+ Bxd8 29. Bxh6 $16 {[%emt 0:00:03][%mdl 4096] Endgame KBN-KBN} a5 30. b3 Nb5 31. Bc1 (31. Kf1 $14) 31... Na3 32. c4 a4 33. g3 Nb1 (33... f6 $11) 34. bxa4 {[%emt 0:00:02] Bb2 would be deadly.} b3 $2 {[%emt 0:00:22] A mistake that costs the game.} (34... Nc3 $16 {is a better defense.}) 35. Kf1 $18 Ba5 36. Bb2 Nc3 37. Nd2 Nxa4 38. Nxb3 Bb4 39. Bc1 Nb6 {[%emt 0:00:04] [#]} 40. Nd2 Bxd2 (40... Bc3 {was necessary.} 41. f4 f5 42. exf6 Kf7) 41. Bxd2 Nxc4 {[%emt 0:50:03] KB-KN} 42. Bc3 {[%emt 0:02:49] aiming for Ke2.} Kf8 (42... Na3 $142 43. Ke2 c4) 43. Ke2 Ke7 44. Kd3 Nb6 45. Ke4 {[%emt 0:00:00] f4 is the strong threat.} Ke6 (45... Na4 $142) 46. g4 Na4 47. Ba1 {[%emt 0:00:00] Strongly threatening h5.} c4 $2 (47... Nb6 $18 48. h5 f5+ 49. exf6 gxh5 50. gxh5 Nd7) 48. Bd4 c3 49. Kd3 Kd5 50. h5 c2 {[%emt 0:00:00] [#]} 51. Kxc2 $1 {[%emt 0:00:00] Weighted Error Value: White=0.06 (flawless) /Black=0.49} 1-0

[Event "85th Tata Steel Masters 2023"]
[Site "Wijk aan Zee"]
[Date "2023.01.20"]
[Round "6.2"]
[White "Ding, Liren"]
[Black "Aronian, Levon"]
[Result "1/2-1/2"]
[ECO "C54"]
[WhiteElo "2811"]
[BlackElo "2735"]
[Annotator "TA"]
[PlyCount "95"]
[EventDate "2023.01.10"]
[EventType "tourn"]
[EventCountry "NED"]
[SourceTitle "playchess.com"]
[Source "ChessBase"]
[SourceQuality "1"]
[TimeControl "40/6000+30:30/3000+30:900+30"]

1. e4 e5 2. Nf3 Nc6 3. Bc4 Nf6 4. d3 Bc5 5. O-O O-O 6. h3 d6 7. c3 Bb6 8. Re1 {[%emt 0:12:25] C54: Giuoco Piano: 4 c3 Nf6, main lines with 5 d4 and 5 d3.} Ne7 9. d4 $1 {[%emt 0:02:06][%mdl 4] is more profitable than 9.Nbd2 at the moment.} exd4 10. cxd4 d5 11. exd5 {[%emt 0:00:33] [#]} h6 $146 ({Predecessor:} 11... Nexd5 12. Bg5 h6 13. Bh4 Be6 14. Nbd2 c6 15. Nb3 Nf4 16. Bxe6 Nxe6 17. Qc2 Re8 {½-½ Valinova,J (2391)-Kazmin,A Champion's League 2019/B2 email [4]}) 12. a4 {[%emt 0:03:08] a5 is the strong threat.} Ba5 13. Nc3 Nexd5 {[%emt 0:01:34] [#]} 14. Nxd5 Nxd5 15. Bd2 (15. Re5 $5 c6 $8 16. Qb3 $11) 15... Bxd2 16. Qxd2 Be6 17. a5 a6 18. Ne5 Re8 19. Nd3 Qf6 20. Re5 Ne7 21. Bxe6 fxe6 22. Qe3 {[%emt 0:05:39] White is more active.} ({Better is} 22. Nc5 $16) 22... Nf5 $1 $11 23. Qe4 Rad8 $1 24. Ra4 ({Don't play} 24. Qxb7 Rxd4 25. Qc6 (25. Qxa6 Rxd3 $19 {[%mdl 64] Remove Defender}) 25... Kf7 $17) 24... Nd6 25. Qe2 Nf7 26. Re4 Nd6 27. Rf4 Qg5 28. Rg4 Qb5 29. Qc2 Re7 30. b3 Qf5 31. Rf4 Qg6 32. Rg4 Qf5 33. Rf4 Qg6 34. Qe2 Qg5 35. h4 Qb5 36. Qc2 Nf5 37. Qc3 Rd5 38. h5 Red7 (38... Nd6 $11) 39. g4 (39. Re4 $5 ) 39... Ne7 40. Nc5 ({Reject} 40. Ne5 Rxe5 41. dxe5 Nd5 $15) (40. Re4 $14) 40... e5 $1 {[%emt 0:00:14] The position is equal.} 41. Nxd7 {[%emt 0:05:49] [#] Intending Rf8+ and mate.} exf4 42. Ne5 Qe2 43. Qxc7 Qe1+ 44. Kg2 Qe4+ $1 45. Kh2 Qe2 $1 46. Kg1 Qe1+ 47. Kg2 Qe4+ $1 48. Kh2 {[%emt 0:00:09] Weighted Error Value: White=0.07 (flawless) /Black=0.05 (flawless)} 1/2-1/2

[Event "85th Tata Steel Masters 2023"]
[Site "Wijk aan Zee"]
[Date "2023.01.20"]
[Round "6.3"]
[White "Giri, Anish"]
[Black "Erigaisi Arjun"]
[Result "1/2-1/2"]
[ECO "D48"]
[WhiteElo "2764"]
[BlackElo "2722"]
[Annotator "TA"]
[PlyCount "90"]
[EventDate "2023.01.10"]
[EventType "tourn"]
[EventCountry "NED"]
[SourceTitle "playchess.com"]
[Source "ChessBase"]
[SourceQuality "1"]
[TimeControl "40/6000+30:30/3000+30:900+30"]

1. c4 e6 2. Nc3 d5 3. d4 c6 4. e3 Nf6 5. Nf3 Nbd7 6. Bd3 dxc4 7. Bxc4 b5 8. Bd3 Bb7 9. O-O a6 10. e4 c5 11. d5 c4 12. Bc2 Qc7 13. Qe2 {[%emt 0:00:44] D48: Semi-Slav: Meran System: 7...b5 8 Bd3 a6.} (13. dxe6 {keeps more tension.} fxe6 14. Ng5 Nc5 15. e5) 13... O-O-O (13... Bd6 $11) 14. dxe6 $14 fxe6 15. e5 $1 {[%emt 0:00:18] White is better.} Nd5 16. Nxd5 (16. Bg5 Re8 $11) 16... Bxd5 {[%emt 0:01:31] [#]} 17. Bg5 $146 ({Predecessor:} 17. a4 b4 18. Bf4 Kb7 19. Be4 Nc5 20. Bxd5+ exd5 21. Nd4 Qf7 22. Bg3 Ne6 23. Nxe6 Qxe6 {½-½ Khorovets Aiedinova,E (2130)-Rubzova,T (2230) URS-chT Republics (Women) 1st Group1 1986 (2)}) 17... Re8 18. b3 Bc5 19. bxc4 bxc4 20. Rac1 Rhf8 21. Be4 (21. Bxh7 Rxf3 22. gxf3 Rh8 $11) 21... h6 (21... Nxe5 $2 22. Nxe5 Qxe5 23. Rxc4 $18) 22. Bh4 Kb8 (22... Nxe5 $2 23. Nxe5 Qxe5 24. Rxc4 Bxc4 25. Qxc4 $18 (25. Bb7+ Kxb7 26. Rb1+ Ka8 $18)) 23. Bxd5 exd5 24. Bg3 {[%emt 0:11:18] e6 would be deadly.} Ka8 25. Qd2 {[%emt 0:01:54] e6 is the strong threat.} (25. e6 $6 Qc6 26. Rfe1 Nf6 $11) 25... Nb6 {[%emt 0:02:44] [#]} 26. a4 Qc6 $1 (26... Nxa4 $2 27. Qxd5+ Qb7 28. Qxb7+ Kxb7 29. Rxc4 $18) 27. Rfd1 Nxa4 (27... Qxa4 $2 28. Ra1 Qc6 29. Rdb1 $16 (29. Rxa6+ Kb7 $16)) 28. Ra1 $1 {[%emt 0:02:43][%cal Oa1a4] And now Rxa4! would win.} (28. Qxd5 Qxd5 29. Rxd5 Rd8 30. Rxd8+ Rxd8 $11) 28... Rb8 {[%emt 0:06:26] [#]} 29. e6 $1 ({Much less strong is} 29. Qxd5 $6 Qxd5 30. Rxd5 Rfd8 31. Rxd8 Rxd8 $14) 29... Rb4 (29... Rbd8 $2 30. Qa5 Rc8 31. Rxa4 $18) 30. Nd4 ({Don't play} 30. Qxd5 $6 Qxd5 31. Rxd5 Re8 $11) 30... Qb7 31. Nc2 {[%emt 0:01:25][%csl LRb4,LRd5] White is more active.} c3 32. Qxd5 Qxd5 33. Rxd5 Rb2 {[%emt 0:00:08] [#]} 34. h4 (34. Rxa4 $2 {is a self mate.} Rb1+) (34. Kf1 $1 $16 Rxc2 35. Rxa4) 34... Rxc2 $11 {[%emt 0:03:16] The position is equal.} 35. Rxa4 Bxf2+ 36. Kh2 {[%emt 0:00:14] aiming for e7.} (36. Bxf2 {simplifies} Rfxf2 37. Rg4 Rfe2 38. Rd8+) 36... Rd2 37. e7 Bxg3+ $1 38. Kxg3 Re8 39. Rxd2 cxd2 40. Rxa6+ {[%emt 0:00:02][%mdl 4096] Endgame KR-KR} Kb7 41. Rd6 Rxe7 42. Rxd2 Kc7 43. Kf4 Rd7 44. Ra2 Kd8 45. Kf5 Rd6 {[%emt 0:00:00] Weighted Error Value: White=0.08 (flawless) /Black=0.09 (flawless)} 1/2-1/2

[Event "85th Tata Steel Masters 2023"]
[Site "Wijk aan Zee"]
[Date "2023.01.20"]
[Round "6.4"]
[White "Abdusattorov, Nodirbek"]
[Black "Praggnanandhaa R"]
[Result "1/2-1/2"]
[ECO "C80"]
[WhiteElo "2713"]
[BlackElo "2684"]
[Annotator "TA"]
[PlyCount "107"]
[EventDate "2023.01.10"]
[EventType "tourn"]
[EventCountry "NED"]
[SourceTitle "playchess.com"]
[Source "ChessBase"]
[SourceQuality "1"]
[TimeControl "40/6000+30:30/3000+30:900+30"]

1. e4 e5 2. Nf3 Nc6 3. Bb5 a6 4. Ba4 Nf6 5. O-O Nxe4 6. d4 b5 7. Bb3 d5 8. dxe5 Be6 9. Be3 Be7 10. Nbd2 Nc5 11. Bxc5 {[%emt 0:00:21] C80: Open Ruy Lopez: Sidelines and 9 Nbd2.} Bxc5 12. Qe2 O-O 13. c3 Qe7 14. Rfe1 Bb6 15. h3 Rad8 {[%emt 0:09:39] [#]} 16. Bc2 $146 ({Predecessor:} 16. a4 Na5 17. Bc2 Nc4 18. Nd4 Bd7 19. N2f3 Nxb2 20. axb5 axb5 21. Bxh7+ Kxh7 22. Qxb2 {½-½ Puranik,A (2604)-Das,A (2453) Castelldefels Llobregat op 2nd 2021 (3)}) 16... g6 17. a4 b4 18. Nb3 {[%emt 0:00:11] Threatens to win with a5.} bxc3 19. bxc3 {[%emt 0:00:16] Hoping for a5.} d4 20. a5 (20. Qxa6 dxc3 21. a5 Nb4 $17) 20... Bxb3 (20... d3 {seems wilder.} 21. Bxd3 Bxf2+ 22. Kxf2 Bxb3 23. Bxa6 Bd5) 21. axb6 (21. Bxb3 Nxa5 22. Ba2 dxc3 $15) 21... Bxc2 22. bxc7 $1 Rc8 {[%emt 0:04:14][%cal Bd8c8,Bc8c7,Bc7c2][%mdl 32] White must now prevent ...d3.} 23. Qxc2 Rxc7 {[%emt 0:00:12][%cal Oc6b4] And now ...Nb4! would win.} 24. Ra4 {[%emt 0:07:08] Repels Nb4} ({Inferior is} 24. cxd4 Nxd4 25. Qe4 Nc2 26. Rxa6 Nxe1 27. Qxe1 Rfc8 $17) (24. Rxa6 $2 Nb4 25. Qd1 Nxa6 $19) 24... Rfc8 {[%emt 0:12:37] [#]} (24... Qc5 $11 {keeps the balance.}) 25. Qd2 {[%emt 0:06:25] White has more active pieces.} ({Reject} 25. Nxd4 Nxd4 26. Rxd4 Rxc3 $11) (25. Rxa6 $2 {is the wrong capture.} Nb4 26. Qd1 Nxa6 $19) ({White should play} 25. e6 $1 $16) 25... dxc3 $14 26. Qxc3 Nd8 27. Qa1 Ne6 28. Rxa6 Rc2 29. Rd6 Qc7 30. Qa4 Rc4 31. Qa6 Rc1 32. Rdd1 Rxd1 33. Rxd1 Qc2 34. Rd2 Qc1+ 35. Kh2 Qc4 36. Qa3 (36. Qxc4 {simplifies} Rxc4 37. h4 h6 38. g3) 36... Qf4+ 37. g3 $1 Qe4 38. Qd3 Qxd3 39. Rxd3 {[%emt 0:02:37][%mdl 4096] Endgame KRN-KRN} g5 40. Rd5 (40. h4 $5 ) 40... Rc4 41. Kg2 Kg7 42. Nh2 h5 {[%emt 0:00:00][%cal Bh7h5,Bh5h4][%mdl 32] The position is equal.} 43. Nf1 h4 44. Ne3 Ra4 45. Nf5+ Kg6 46. Ne7+ Kg7 47. Rd7 hxg3 48. fxg3 Re4 49. Rd5 Ra4 50. Kf2 Ra3 51. Rd1 Nc5 52. Nf5+ Kg6 53. Ne7+ Kg7 54. Nf5+ {[%emt 0:00:00] Weighted Error Value: White=0.08 (flawless) /Black=0.07 (flawless)} 1/2-1/2

[Event "85th Tata Steel Masters 2023"]
[Site "Wijk aan Zee"]
[Date "2023.01.20"]
[Round "6.5"]
[White "Van Foreest, Jorden"]
[Black "Carlsen, Magnus"]
[Result "1/2-1/2"]
[ECO "B49"]
[WhiteElo "2681"]
[BlackElo "2859"]
[Annotator "TA"]
[PlyCount "107"]
[EventDate "2023.01.10"]
[EventType "tourn"]
[EventCountry "NED"]
[SourceTitle "playchess.com"]
[Source "ChessBase"]
[SourceQuality "1"]
[TimeControl "40/6000+30:30/3000+30:900+30"]

1. e4 c5 2. Nf3 e6 3. d4 cxd4 4. Nxd4 Nc6 5. Nc3 Qc7 6. Be2 a6 7. Nxc6 Qxc6 8. Be3 b5 9. Bf3 {[%emt 0:19:58] B49: Sicilian: Taimanov: 5 Nc3 Qc7 6 Be3 a6 7 Be2.} Bb7 10. Qd4 Qd6 {[%emt 0:11:44] [#]} 11. Qxd6 $146 ({Predecessor:} 11. O-O-O Qxd4 12. Bxd4 Ne7 13. Rhe1 Nc6 14. e5 Rb8 15. Ne4 Nxd4 16. Rxd4 Bxe4 17. Rexe4 {½-½ Gabrielian,A (2545)-Bryzgalin,K (2473) Belorechensk Sarkisov Memorial op 2012 (4)}) 11... Bxd6 12. O-O-O Be5 13. Bd4 d6 14. Be2 Nf6 15. f3 Ke7 16. a3 g5 17. Kb1 Rhg8 18. a4 b4 19. Na2 Bxd4 20. Rxd4 a5 21. c3 bxc3 22. Nxc3 {[%emt 0:00:24] The position is equal.} d5 23. exd5 Nxd5 24. Nxd5+ Bxd5 25. Rc1 Kf6 26. Bc4 Bb7 {[%emt 0:01:27] [#]} 27. b4 $1 axb4 28. Bb3 Ra5 29. Rxb4 Ba8 30. Kb2 h5 31. h3 Re5 32. Rc2 h4 33. Rb5 Rd8 34. Rxe5 Kxe5 $11 {[%emt 0:00:02][%mdl 4096] Endgame KRB-KRB} 35. a5 Kf4 36. Rc7 Bd5 37. Rxf7+ Kg3 {[%emt 0:01:33] [#] And now ...Rb8 would win.} 38. Bxd5 Rxd5 {[%emt 0:00:09] KR-KR} 39. a6 Kxg2 40. a7 Ra5 41. Kc3 Kxh3 42. Rg7 g4 43. fxg4 ({But not} 43. Rxg4 Ra3+ 44. Kc2 Rxa7 $15) 43... Kg3 44. Kb4 Ra6 45. Kb5 (45. g5 $5 h3 $8 46. Kb5 $11 (46. Rh7 h2 $17)) 45... Ra1 46. Kb6 {[%emt 0:00:00] g5 is the strong threat.} (46. g5 $5 h3 $8 47. Rh7 $11) 46... h3 47. g5 {[%emt 0:00:00] g6 would be deadly.} h2 48. Rh7 {[%emt 0:00:00] aiming for g6.} Rb1+ 49. Kc7 Rc1+ 50. Kb7 (50. Kb6 $5 Rb1+ $8 51. Kc5 $11) 50... Rb1+ 51. Kc7 (51. Ka6 $5 Ra1+ $8 52. Kb6 Rb1+ 53. Kc5 Rc1+ 54. Kd4 $11) 51... Ra1 52. Kb7 (52. Kb6 $5 Rb1+ $8 53. Kc6 Rc1+ 54. Kb7 (54. Kd6 Ra1 $11) 54... Rb1+ 55. Kc7 $11) 52... Rb1+ $1 53. Kc7 (53. Ka6 $5 Ra1+ $8 54. Kb7 Rb1+ $11) 53... Ra1 54. Kb7 {[%emt 0:00:00] Weighted Error Value: White=0.02 (flawless) /Black=0.01 (flawless)} (54. Kb8 $5 Rb1+ $8 55. Kc8 Rc1+ 56. Kb8 Rb1+ 57. Kc8 Rc1+ 58. Kb8 Rb1+ $11) 1/2-1/2

[Event "85th Tata Steel Masters 2023"]
[Site "Wijk aan Zee"]
[Date "2023.01.20"]
[Round "6.6"]
[White "Rapport, Richard"]
[Black "Maghsoodloo, Parham"]
[Result "1/2-1/2"]
[ECO "B53"]
[WhiteElo "2740"]
[BlackElo "2719"]
[Annotator "TA"]
[PlyCount "66"]
[EventDate "2023.01.10"]
[EventType "tourn"]
[EventCountry "NED"]
[SourceTitle "playchess.com"]
[Source "ChessBase"]
[SourceQuality "1"]
[TimeControl "40/6000+30:30/3000+30:900+30"]

1. e4 c5 2. Nf3 d6 3. d4 cxd4 4. Qxd4 Nf6 5. Nc3 Nc6 6. Qd3 {[%emt 0:01:08] B53: Sicilian: 2...d6: Lines with Qxd4.} g6 7. Nd5 Bg7 8. c3 O-O 9. Bg5 Be6 10. Be2 {[%emt 0:18:26] [#]} Qa5 $146 ({Predecessor:} 10... h6 11. Nxf6+ exf6 12. Be3 f5 13. exf5 Bxf5 14. Qd2 Re8 15. O-O d5 16. Rfe1 h5 {1-0 Xiong,J (2692)-Santos Ruiz,M (2587) Speed Chess Q2 blitz 2022 (8)}) 11. Nxf6+ exf6 12. Be3 Rfd8 13. O-O a6 14. Nd4 Ne5 15. Qc2 Bc4 16. Rfd1 Rac8 17. Nb3 (17. b3 $5 Bxe2 18. Nxe2 $11) 17... Qc7 18. Bf4 b5 19. a4 d5 20. axb5 axb5 {[%emt 0:00:23] Threatening ...dxe4.} 21. exd5 Bxd5 22. Rd4 (22. Bxb5 Nf3+ 23. gxf3 Qxf4 $19) 22... f5 23. Rad1 ({Of course not} 23. Bxb5 Bxg2 24. Qe2 (24. Kxg2 Qb7+ 25. Kh3 Qxb5 $17) (24. Rxd8+ Rxd8 25. Qe2 Be4 $17) 24... Ba8 25. Rxd8+ Rxd8 $17) 23... Be4 24. Rxd8+ (24. Qd2 $5 Rxd4 25. Nxd4 $14) 24... Rxd8 {[%emt 0:00:01] The position is equal.} 25. Rxd8+ Qxd8 26. Qd2 Qa8 27. Bf1 Nc4 28. Qe2 h6 29. Nd2 Nxb2 {[%emt 0:04:33] [#] ...Bd3 is the strong threat.} 30. Nxe4 Qxe4 31. Qxe4 fxe4 32. Bxb5 Bxc3 33. Bxh6 Bd4 {[%emt 0:00:07] A balanced but interesting game.   Weighted Error Value: White=0.06 (flawless) /Black=0.06 (flawless)} 1/2-1/2